 Dungeon Crawl Stone Soup version 0.27-a0-1200-g94dc6ad4cf (webtiles) character file.

Game seed: 254335037597258195

2484 quinnr the Magician (level 9, 0/66 HPs)
             Began as a Djinni Ice Elementalist on May 31, 2021.
             Was a Follower of Makhleb.
             Slain by a manticore (1 damage)
             ... on level 7 of the Dungeon.
             The game lasted 00:33:21 (11070 turns).

quinnr the Magician (Djinni Ice Elementalist)      Turns: 11070, Time: 00:33:21

Health: 0/66       AC: 11    Str: 13    XL:     9   Next: 81%
Gold:   346        EV: 14    Int: 28    God:    Makhleb [*.....] SH:  5 Dex: 15

rFire    + + +     SeeInvis .   v - +2 short sword "Roinefoy" {vorpal, rF+ Int+3}
rCold    . . .     Faith    .   s - +0 buckler
rNeg     . . .     Spirit   .   a - +1 robe
rPois    ∞         Reflect  .   (no helmet)
rElec    .         Harm     .   (no cloak)
rCorr    .         Rampage  .   (no gloves)
Will     .....                  (boots unavailable)
Stlth    +++.......             (no amulet)
HPRegen  0.21/turn              f - +6 ring of intelligence
MPRegen  0.00/turn              r - ring of Qimpi {rC+ Str+6}

@: ice-armoured, freezing walls, flying
A: sickness immunity, fire resistance 2, cold vulnerability 1, float, innate
caster, hp casting, extra vitality 1
a: Renounce Religion


You were on level 7 of the Dungeon.
You worshipped Makhleb.
Makhleb was aware of your devotion.
You visited 2 branches of the dungeon, and saw 8 of its levels.

You collected 346 gold pieces.

Inventory:

Hand Weapons
 d - a +0 hunting sling
 v - the +2 short sword "Roinefoy" (weapon) {vorpal, rF+ Int+3}
   (You took it off a gnoll on level 6 of the Dungeon)

   It inflicts extra damage upon your enemies.
   It affects your intelligence (+3).
   It protects you from fire.
Missiles
 b - 15 poisoned darts (quivered)
 e - 186 stones
 n - 10 sling bullets
 q - 4 boomerangs
 t - 2 throwing nets
Armour
 a - a +1 robe (worn)
 s - a +0 buckler (worn)
Jewellery
 f - a +6 ring of intelligence (left hand)
 p - a ring of fire
 r - the ring of Qimpi (right hand) {rC+ Str+6}
   (You found it on level 6 of the Dungeon)

   [ring of strength]

   It affects your strength (+6).
   It protects you from cold.
Wands
 m - a wand of flame (52)
 y - a wand of charming (10)
 z - a wand of paralysis (8)
Scrolls
 c - a scroll of brand weapon {unknown}
 g - 3 scrolls of enchant armour
 i - 2 scrolls of holy word {unknown}
 j - 2 scrolls of enchant weapon
 k - 2 scrolls of fog
 w - a scroll of fear {unknown}
Potions
 h - a potion of brilliance
 l - 2 potions of magic
 o - a potion of curing
 u - a potion of might {unknown}


   Skills:
 + Level 5.6 Fighting
 - Level 2.0(2.2) Slings
 - Level 1.4(2.0) Throwing
 + Level 5.8 Dodging
 + Level 3.8 Stealth
 - Level 4.0 Shields
 - Level 6.0 Spellcasting
 - Level 3.0 Evocations


You couldn't memorise any spells.
You knew the following spells:

 Your Spells              Type           Power      Damage    Failure   Level
a - Freeze                Ice            100%       1d11      1%          1
b - Frozen Ramparts       Ice            84%        1d10      1%          3
c - Ozocubu's Armour      Ice            42%        N/A       1%          3
d - Hailstorm             Conj/Ice       42%        3d10      4%          4
e - Metabolic Englaciati  Hex/Ice        21%        N/A       14%         5
f - Pain                  Necr           100%       1d9       1%          1
g - Static Discharge      Conj/Air       42%        N/A       1%          2
h - Teleport Other        Tloc           42%        N/A       1%          3
i - Gell's Gravitas       Tloc           21%        N/A       1%          3
Your spell library was empty.

Dungeon Overview and Level Annotations

Branches:
Dungeon (7/15)             Temple (1/1) D:6

Altars:
Ashenzari
Cheibriados
Dithmenos
Elyvilon
Gozag
Kikubaaqudgha
Makhleb
Nemelex Xobeh
Okawaru
Qazlal
Ru
Sif Muna
Trog
Vehumet
Xom
Yredelemnul
Zin
The Shining One

Shops:
D:4 :   D:5 [

Annotations:
D:7 Maggie


Innate Abilities, Weirdness & Mutations

You are immune to sickness and miasma.
You are immune to poison.
Your flesh is very heat resistant. (rF++)
You are vulnerable to cold. (rC-)
You float through the air rather than walking.
You learn spells naturally, not from books.
Your magical power is your life essence.
You have superior vitality. (+4 HP)


Message History

Press: ? - help, Shift-Dir - straight line, f - manticore
Aim: a manticore (chance to affect: 71%)
The manticore writhes in agony!
The wall freezes the manticore.
The manticore flicks its tail.
The volley of spikes hits you but does no damage.
Casting: Pain (safe; 1% risk of failure)
Confirm with . or Enter, or press ? or * to list all spells.
Aiming: Pain (safe; 1% risk of failure)
Press: ? - help, Shift-Dir - straight line, f/p - manticore
Aim: a manticore (lightly wounded, chance to affect: 71%)
The manticore struggles to resist.
You carefully extract the barbed spikes from your body.
The wall freezes the manticore.
Casting: Pain (safe; 1% risk of failure)
Confirm with . or Enter, or press ? or * to list all spells.
Aiming: Pain (safe; 1% risk of failure)
Press: ? - help, Shift-Dir - straight line, f/p - manticore
Aim: a manticore (moderately wounded, chance to affect: 71%)
The manticore writhes in agony.
* * * LOW HITPOINT WARNING * * *
The wall freezes the manticore.
The manticore closely misses you. The manticore claws you.
* * * LOW HITPOINT WARNING * * *
The manticore misses you.
Casting: Pain (safe; 1% risk of failure)
Confirm with . or Enter, or press ? or * to list all spells.
Aiming: Freeze (safe; 1% risk of failure)
Press: ? - help, Shift-Dir - straight line, f/p - manticore
Aim: a manticore (heavily wounded)
You freeze the manticore.
The manticore is heavily wounded.
* * * LOW HITPOINT WARNING * * *
The wall freezes the manticore.
The manticore bites you!
* * * LOW HITPOINT WARNING * * *
The manticore closely misses you.
The manticore claws you but does no damage.
You feel better.
The wall freezes the manticore.
The manticore bites you!
* * * LOW HITPOINT WARNING * * *
The manticore misses you. The manticore claws you.
You die...

...... .. .##....# ##.#
........ .... ##.. .H...
....# #.. ...# .##..# #.#
..# # .# #..####.## #.# .#
.# #..##...#####H## ..#
.## #..........@..##...##
..# ##..##..(............#
..###...####..........##.
#..#...## ##..........#
#......# ##...........#
.......# ##.........##
.......<... ...........#
###............)....###..#
#.................# #..


You could see a manticore.

Vanquished Creatures
  A hornet (D:7)
  Edmund (D:6)
  A water moccasin (D:6)
  2 orc warriors
  2 sky beasts (D:6)
  A necrophage (D:6)
  2 ogres
  A phantom (D:5)
  A gnoll sergeant (D:6)
  A wyvern zombie (D:4)
  6 wights
  3 howler monkeys
  A centaur zombie (D:5)
  A bullfrog zombie (D:5)
  3 hounds
  4 orc priests
  A bullfrog skeleton (D:5)
  A jelly (D:4)
  A gnoll shaman (D:6)
  3 iguanas
  4 orc wizards
  A killer bee zombie (D:6)
  Robin (D:2)
  13 gnolls
  10 adders
  A white imp (D:5)
  An adder skeleton (D:4)
  A dart slug (D:1)
  16 orcs
  6 endoplasms
  4 giant cockroaches
  12 goblins
  8 hobgoblins
  5 jackals
  6 kobolds
  3 quokkas
  10 ball pythons
  2 bats (D:1)
  4 frilled lizards
  4 rats
149 creatures vanquished.

Notes
Turn   | Place    | Note
-------+----------+-------------------------------------------
     0 | D:1      | quinnr the Djinni Ice Elementalist began the quest for the
                  | Orb.
     0 | D:1      | Reached XP level 1. HP: 15/15 MP: 0/0
     0 | D:1      | quinnr: ??djini
     0 | D:1      | beem: djini ~ djinni[1/5]: Race that casts with HP instead
                  | of MP and learns spells randomly with XL instead of from
                  | books. Djinni use only Spellcasting skill for spells and
                  | can't train other spell skills. They permanently fly, have
                  | rF++/rC-, poison immunity, 4 extra HP, and can't wear
                  | boots. New in 0.27.
   198 | D:1      | Reached skill level 1 in Fighting
   400 | D:1      | Reached XP level 2. HP: 19/22 MP: 0/0
   940 | D:1      | Reached XP level 3. HP: 28/28 MP: 0/0
   940 | D:1      | Learned a level 1 spell: Pain
   994 | D:1      | quinnr: ??int
   994 | D:1      | beem: int[1/2]: Affects your spell casting success, your
                  | spell power and your spell hunger. When it reaches 0, you
                  | become {brainless}.
   994 | D:1      | quinnr: ??spell power
   994 | D:1      | beem: spell power[1/5]: (Spellcasting/2 + 2*avg school
                  | skill) * INT/10 * (1.5 ^ enhancer count). Spellpower has
                  | diminishing returns over 50: http://tinyurl.com/oeme7aj -
                  | Stepdown formula is min(pow, 200, 50*log_2(1 + pow/50)).
                  | Capped at 200. Negative spell enhancers use 0.5, not 0.66.
   994 | D:1      | quinnr: ??casting success
   994 | D:1      | beem: I don't have a page labeled casting_success in my
                  | learndb.
   994 | D:1      | quinnr: ??spell cast
   994 | D:1      | beem: spell cast ~ spellcasting[1/1]: Gives you an extra
                  | spell slot for every half of a level in spellcasting.
                  | Raising your spellcasting also gives you more MP, and
                  | slightly boosts {spell success} and {spell power} for all
                  | spells.
   994 | D:1      | quinnr: ??spell success
   994 | D:1      | beem: success rate[1/3]: Spell success rates are coloured
                  | according to miscast severity. Grey means less than 0.1%
                  | chance of a severity 2+ miscast, yellow means < 0.5%, light red < 2.5%, dark red >= 2.5%.
   994 | D:1      | quinnr: ??spell power
   994 | D:1      | beem: spell power[1/5]: (Spellcasting/2 + 2*avg school
                  | skill) * INT/10 * (1.5 ^ enhancer count). Spellpower has
                  | diminishing returns over 50: http://tinyurl.com/oeme7aj -
                  | Stepdown formula is min(pow, 200, 50*log_2(1 + pow/50)).
                  | Capped at 200. Negative spell enhancers use 0.5, not 0.66.
  1434 | D:2      | Found a faded altar of an unknown god.
  1535 | D:2      | quinnr: !ftw dj
  1535 | D:2      | beem: Dj??
  1535 | D:2      | quinnr: !wtf Dj
  1535 | D:2      | beem: Djinni
  1535 | D:2      | quinnr: !whichgod DjIE
  1535 | D:2      | beem: 28 recent wins for DjIE: 12x Makhleb, 7x Ashenzari,
                  | 2x Lugonu, 2x Qazlal, Okawaru, Cheibriados, Gozag,
                  | Hepliaklqana, Ru
  1557 | D:2      | Found a stormy altar of Qazlal.
  1656 | D:2      | Noticed Robin
  1679 | D:2      | Killed Robin
  2013 | D:2      | Reached XP level 4. HP: 31/34 MP: 0/0
  2752 | D:3      | Found an opulent altar of Gozag.
  3005 | D:3      | Reached skill level 1 in Slings
  3106 | D:3      | quinnr: ??sling bullet
  3106 | D:3      | beem: ammunition[1/1]: Damage: stones 2, sling bullets
                  | 4(only when used in a sling, don't throw), tomahawks 6,
                  | javelins 10, large rocks 20. Other ammo has no base damage.
  3106 | D:3      | quinnr: ??sling
  3106 | D:3      | beem: hunting sling[1/1]: +2 accuracy, 7/9 base damage
                  | (with stones & sling bullets respectively), 1.2 base delay,
                  | 0.6 mindelay. One-handed. Smaller than a {fustibalus}.
  3367 | D:3      | Reached XP level 5. HP: 32/40 MP: 0/0
  3367 | D:3      | Learned a level 2 spell: Static Discharge
  4036 | D:3      | Reached skill level 4 in Spellcasting
  4382 | D:4      | Found Wuinodic's Book Emporium.
  4427 | D:4      | Reached XP level 6. HP: 37/46 MP: 0/0
  4632 | D:4      | Noticed an ogre
  4640 | D:4      | Killed an ogre
  4891 | D:4      | Noticed an orc warrior
  4899 | D:4      | Killed an orc warrior
  4900 | D:4      | Reached XP level 7. HP: 31/50 MP: 0/0
  4900 | D:4      | Learned a level 3 spell: Teleport Other
  4919 | D:4      | Reached skill level 5 in Spellcasting
  5137 | D:4      | Found a burning altar of Makhleb.
  5436 | D:4      | Found a shadowy altar of Dithmenos.
  5540 | D:4      | Identified the +6 hand axe "Tianwin" {freeze, *Noise rPois
                  | Dex+7}
  5583 | D:4      | quinnr: ??*noise
  5583 | D:4      | beem: *Noise[1/1]: Whenever you attack with this weapon, it
                  | has a 1 in 20 chance to make 20 noise.
  5845 | D:5      | Entered Level 5 of the Dungeon
  6386 | D:5      | Reached skill level 1 in Throwing
  6386 | D:5      | Reached XP level 8. HP: 33/58 MP: 0/0
  6642 | D:5      | Reached skill level 5 in Fighting
  6866 | D:5      | Found Pank's Armour Shoppe.
  6953 | D:5      | Reached skill level 1 in Evocations
  7482 | D:6      | Found a staircase to the Ecumenical Temple.
  7665 | Temple   | Entered the Ecumenical Temple
  7963 | D:4      | Became a worshipper of Makhleb the Destroyer
  8027 | D:6      | Identified the ring of Qimpi {rC+ Str+6}
  8099 | D:6      | Reached skill level 1 in Shields
  8494 | D:6      | Identified the +2 short sword "Roinefoy" {vorpal, rF+
                  | Int+3}
  8796 | D:6      | Reached skill level 5 in Dodging
  8796 | D:6      | Reached XP level 9. HP: 25/65 MP: 0/0
  8796 | D:6      | Learned a level 3 spell: Gell's Gravitas
  9417 | D:6      | Noticed Edmund
  9533 | D:6      | Killed Edmund
  9880 | D:6      | Reached skill level 6 in Spellcasting
 10214 | D:7      | Noticed a hornet
 10220 | D:7      | Killed a hornet
 10224 | D:7      | Reached * piety under Makhleb
 10883 | D:7      | Noticed Maggie
 10910 | D:6      | quinnr: @?maggie
 10910 | D:6      | beem: Maggie (@)
                  | Spd:
    10 | HD: 5    | HP: 50-73
                  | AC/EV: 5/9
                  | | Dam: 10
                  | weapons, items, doors, spellcaster
                  | Res:
                  | magic(20)
                  | Corpse
                  | XP: 394
                  | Sp: b.fire (3d13), mesmerise
                  | | Sz: Medium
                  | Int: human.
 10910 | D:6      | quinnr: ??maggie
 10910 | D:6      | beem: maggie[1/1]: New unique in 0.25! Decent melee, knows
                  | Bolt of Fire(3d13) and Mesmerise. Wears a steam, acid, or
                  | swamp dragon armour, and often has a branded weapon. Spawns
                  | D:6-10 and Lair:1-2.
 11054 | D:7      | Noticed a manticore
 11069 | D:7      | HP: 5/66 [manticore (13)]
 11070 | D:7      | HP: 1/66 [manticore (13)]
 11070 | D:7      | Slain by a manticore

Illustrated notes

Levels and vault maps discovered:
D:1:      dpeg_arrival_oval, layout_rooms
D:2:      layout_basic, basic_altar, hellmonk_ecumenical_altar_leap_of_faith,
          minmay_liquid_box, uniq_robin
D:3:      layout_basic, nicolae_gozag_cash_rules_everything_around_me, hex_tiny
D:4:      layout_basic, overflow_temple_1_default, old_standard_altar,
          serial_shops, kennysheep_mini_moat
D:5:      layout_cave_pools, serial_shops, nicolae_shop_statue_plus, st_stairs_9
D:6:      layout_basic, minmay_temple_entry_arrows, uniq_edmund
D:7:      layout_layer_cave, ebering_ghost_gozag, kennysheep_generic_room_16,
          uniq_maggie
Temple:   dpeg_chambers_temple

Skill      XL: |  1  2  3  4  5  6  7  8  9 |
---------------+----------------------------+-----
Fighting       | 1 2 3 4 5 |  5.6
Slings         | 1 2 |  2.0
Spellcasting   | 4 5 6 |  6.0
Stealth        | 2 3 |  3.8
Dodging        | 3 5 |  5.8
Throwing       | 1 |  1.4
Evocations     | 2 3 |  3.0
Shields        | 3 4 |  4.0

Action                   |  1- 3 |  4- 6 |  7- 9 || total
-------------------------+-------+-------+-------++-------
Melee: Short sword       |       |       |     3 ||     3
 Fire: Hunting sling     |    16 |    33 |    18 ||    67
Throw: Dart              |       |       |     2 ||     2
 Cast: Freeze            |    37 |     5 |    10 ||    52
       Frozen Ramparts   |     7 |    26 |    37 ||    70
       Ozocubu's Armour  |     1 |    13 |    21 ||    35
       Pain              |       |    23 |    75 ||    98
       Static Discharge  |       |     2 |    33 ||    35
       Hailstorm         |       |       |    25 ||    25
       Metabolic Englaci |       |       |     2 ||     2
       Gell's Gravitas   |       |       |     2 ||     2
  Use: Scroll            |       |     9 |     4 ||    13
       Potion            |       |       |     3 ||     3
Armor: Robe              |     5 |     8 |    16 ||    29
       Skin              |       |       |    14 ||    14
Dodge: Dodged            |    17 |    13 |    50 ||    80
Block: Buckler           |       |       |     3 ||     3

Table legend: (Time is in decaauts)
 A = Elapsed time spent in this place.
 B = Non-inter-level travel time spent in this place.
 C = Inter-level travel time spent in this place.
 D = Time resting spent in this place.
 E = Time spent auto-exploring this place.
 F = Levels seen in this place.
 G = Mean time per level.
                   A        B        C        D        E       F      G
               +--------+--------+--------+--------+--------+-----+--------+
         Total |  11099 |  10615 |    484 |   3389 |   6042 |   8 | 1387.4 |
       Dungeon |  10867 |  10408 |    459 |   3389 |   5836 |   7 | 1552.4 |
        Temple |    231 |    206 |     25 |      0 |    206 |   1 |  231.0 |
               +--------+--------+--------+--------+--------+-----+--------+

Top non-repeatable levels by time:
     D:6: 2945 daAuts
     D:3: 1785 daAuts
     D:5: 1671 daAuts
     D:4: 1614 daAuts
     D:1: 1607 daAuts
     D:2: 977 daAuts
     D:7: 264 daAuts
  Temple: 231 daAuts
